 Dungeon Crawl Stone Soup version 0.29.0-4-gdea44cf6ec (webtiles) character file.

Game seed: 8897231944805709853

14 qw the Caller (level 2, 0/23 HPs)
             Began as a Ghoul Summoner on Sept 9, 2022.
             Frozen to death by an endoplasm (2 damage)
             ... on level 1 of the Dungeon.
             The game lasted 00:00:11 (253 turns).

qw the Caller (Ghoul Summoner)                       Turns: 253, Time: 00:00:12

Health: 0/23       AC:  2    Str: 11    XL:     2   Next: 45%
Magic:  0/3        EV: 12    Int: 10    God:
Gold:   9          SH:  0    Dex:  9    Spells: 3/4 levels left

rFire   . . .      SeeInvis .   d - +0 short sword
rCold   + . .      Faith    .   (no shield)
rNeg    + + +      Spirit   .   a - +0 robe
rPois   inf        Reflect  .   (no helmet)
rElec   .          Harm     .   (no cloak)
rCorr   .          Rampage  .   (no gloves)
Will    .....                   (no boots)
Stlth   ++........              (no amulet)
HPRegen 0.00/turn               (no ring)
MPRegen 0.08/turn               (no ring)

@: very slightly contaminated, inhibited regen
A: claws 1, cold resistance 1, negative energy resistance 3, inhibited
regeneration, torment resistance 2, devour on kill
a: no special abilities


You were on level 1 of the Dungeon.
You visited 1 branch of the dungeon, and saw 1 of its levels.

You collected 9 gold pieces.


Innate Abilities, Weirdness & Mutations

You are immune to poison.
You have sharp fingernails.
Your flesh is cold resistant. (rC+)
You are immune to negative energy. (rN+++)
You do not regenerate when monsters are visible.
You are immune to unholy pain and torment.
You thrive by killing the living.


   Skills:
 - Level 1.1 Fighting
 + Level 1.3 Axes
 - Level 1.7 Dodging
 - Level 2.1 Stealth
 - Level 1.7 Spellcasting
 - Level 3.6 Summonings


You had 3 spell levels left.
You knew the following spells:

 Your Spells              Type           Power      Damage    Failure   Level
a - Summon Small Mammal   Summ           32%        N/A       8%          1

Your spell library contained the following spells:

 Spells                   Type           Power      Damage    Failure   Level
 Call Imp                 Summ           8%         N/A       11%         2
 Call Canine Familiar     Summ           8%         N/A       22%         3
 Summon Guardian Golem    Hex/Summ       4%         N/A       43%         3
 Summon Lightning Spire   Summ/Air       4%         N/A       83%         4

Inventory:

Hand Weapons
 d - a +0 short sword (weapon)
Armour
 a - a +0 robe (worn)
 c - a +0 ring mail
Scrolls
 e - a scroll of immolation {unknown}
Potions
 b - a potion of magic

Dungeon Overview and Level Annotations

Branches:
Dungeon (1/15)

Altars:


Message History

The ball python barely misses you. The ball python grabs you.
The ball python constricts you. The endoplasm freezes you.
You are frozen.
You resist.
You barely miss the ball python. The ball python misses you.
The ball python constricts you. The endoplasm freezes you.
You are frozen.
You resist.
You hit the ball python.
The ball python is severely wounded.
The ball python barely misses you. The ball python constricts you.
The endoplasm hits you. The ball python bites you.
The ball python constricts you.
You hit the ball python.
You kill the ball python!
You feel better. The endoplasm closely misses you.
You hit the endoplasm but do no damage. The endoplasm misses you.
You hit the endoplasm but do no damage. The endoplasm freezes you.
You are frozen.
You resist.
You barely miss the endoplasm. The endoplasm closely misses you.
251 ||| CASTING Summon Small Mammal
Casting: Summon Small Mammal (safe; 8% risk of failure)
Confirm with . or Enter, or press ? or * to list all spells.
You miscast Summon Small Mammal.
You are very lightly contaminated with residual magic.
Nothing appears to happen.
The endoplasm freezes you.
You are frozen.
You resist.
You hit the endoplasm but do no damage. The endoplasm freezes you.
You are frozen.
You resist.
You hit the endoplasm.
The endoplasm is lightly wounded.
The endoplasm freezes you.
You are frozen.
You resist.
You die...

........... .. ..
###.#....# .##.#
#....### ..#.##
####.......
#.#..####.....(%###
#.....)...####.##
.......:......##
#r##...........##
#@##........)...#
#%JS.#..........#
###..%..........#
#.#...........#
#.............#
###.#..........#
#.#........#..
..........!...
##......>....##


You could see an endoplasm (ally target), a ball python and a friendly rat
(summoned).

Vanquished Creatures
  A dart slug (D:1)
  A goblin (D:1)
  2 hobgoblins (D:1)
  2 kobolds (D:1)
  A ball python (D:1)
  A rat (D:1)
8 creatures vanquished.

Vanquished Creatures (collateral kills)
  A goblin (D:1)
  A quokka (D:1)
  2 bats (D:1)
4 creatures vanquished.

Grand Total: 12 creatures vanquished

Notes
Turn   | Place    | Note
-------+----------+-------------------------------------------
     0 | D:1      | qw the Ghoul Summoner began the quest for the Orb.
     0 | D:1      | Reached XP level 1. HP: 14/14 MP: 2/2
     0 | D:1      | 0 ||| qw: Version: 0.1-a-113-g051387a
     0 | D:1      | 0 ||| qw: Game counter: 7347
     0 | D:1      | 0 ||| qw: Always use a shield: true
     0 | D:1      | 0 ||| qw: God list: Okawaru
     0 | D:1      | 0 ||| qw: Allow faded altars: false
     0 | D:1      | 0 ||| qw: Do Orc after D:15 true
     0 | D:1      | 0 ||| qw: Do second Lair branch before Depths: true
     0 | D:1      | 0 ||| qw: Lair rune preference: random
     0 | D:1      | 0 ||| qw: Plans: Normal
     0 | D:1      | 0 ||| PLANNING D:1-11
    11 | D:1      | 11 ||| CASTING Summon Small Mammal
    12 | D:1      | 12 ||| CASTING Summon Small Mammal
    24 | D:1      | 24 ||| CASTING Summon Small Mammal
    29 | D:1      | Reached skill level 1 in Axes
    32 | D:1      | Reached XP level 2. HP: 16/22 MP: 0/3
    36 | D:1      | Reached skill level 1 in Fighting
    45 | D:1      | 45 ||| CASTING Summon Small Mammal
    49 | D:1      | 49 ||| CASTING Summon Small Mammal
   141 | D:1      | 141 ||| Wielding weapon +0 dagger.
   148 | D:1      | 148 ||| SWAPPING to +0 short sword.
   149 | D:1      | 149 ||| DROPPING +0 dagger.
   158 | D:1      | 158 ||| CASTING Summon Small Mammal
   159 | D:1      | 159 ||| CASTING Summon Small Mammal
   160 | D:1      | 160 ||| CASTING Summon Small Mammal
   224 | D:1      | 224 ||| Stepping ~*~*~tactically~*~*~ (stealth).
   226 | D:1      | 226 ||| Stepping ~*~*~tactically~*~*~ (stealth).
   228 | D:1      | 228 ||| CASTING Summon Small Mammal
   229 | D:1      | 229 ||| CASTING Summon Small Mammal
   230 | D:1      | 230 ||| CASTING Summon Small Mammal
   231 | D:1      | 231 ||| Stepping ~*~*~tactically~*~*~ (outnumbered).
   232 | D:1      | 232 ||| Stepping ~*~*~tactically~*~*~ (outnumbered).
   233 | D:1      | 233 ||| Stepping ~*~*~tactically~*~*~ (outnumbered).
   234 | D:1      | 234 ||| Stepping ~*~*~tactically~*~*~ (outnumbered).
   235 | D:1      | 235 ||| Stepping ~*~*~tactically~*~*~ (outnumbered).
   240 | D:1      | 240 ||| CASTING Summon Small Mammal
   246 | D:1      | HP: 5/23 [endoplasm (2)]
   251 | D:1      | 251 ||| CASTING Summon Small Mammal
   252 | D:1      | HP: 2/23 [frozen (2)]
   253 | D:1      | Frozen to death by an endoplasm

Levels and vault maps discovered:
D:1:      wander_arrival_desolate, layout_rooms, basic_ecumenical_altar,
          minmay_pentomino_w2

Skill      XL: |  1  2 |
---------------+-------+-----
Axes           | 1 |  1.3
Fighting       | 1 |  1.1
Dodging        | |  1.7
Stealth        | |  2.1
Spellcasting   | |  1.7
Summonings     | |  3.6

Action                   || total
-------------------------++-------
Melee: Unarmed           ||    15
       Short sword       ||    18
       Punch             ||     1
 Cast: Summon Small Mamm ||    12
Armor: Robe              ||     6
Dodge: Dodged            ||    27

Table legend:
 A = Non-vault XP
 B = Vault XP
 C = Vault XP percentage of total XP
 D = Non-vault monster count
 E = Vault monster count
 F = Vault count percentage of total count
                 A         B        C        D         E       F
            +---------+---------+-------+---------+---------+-------
      Total |      21 |       0 |   0.0 |      12 |       0 |   0.0
            +---------+---------+-------+---------+---------+-------
        D:1 |      21 |       0 |   0.0 |      12 |       0 |   0.0
            +---------+---------+-------+---------+---------+-------
